 Dungeon Crawl Stone Soup version 0.30.0-5-g1a98f26d00 (webtiles) character file.

Game seed: 13203733400942742932

6352 Edyrem the Fighter (level 10, -13/97 HPs)
             Began as a Minotaur Monk on May 10, 2023.
             Was a Believer of the Shining One.
             Mangled by an orc warlord
             ... wielding a +5 broad axe
              (22 damage)
             ... in a bailey.
             The game lasted 00:19:32 (6950 turns).

Edyrem the Fighter (Minotaur Monk)                  Turns: 6950, Time: 00:19:33

Health: -13/97     AC: 19    Str: 21    XL:     10   Next: 65%
Magic:  9/9        EV:  8    Int:  7    God:    the Shining One [**....]
Gold:   408        SH:  7    Dex: 24    Spells: 9/9 levels left

rFire   . . .        c - +1 morningstar (holy)
rCold   . . .        p - +0 buckler
rNeg    + . .        S - +0 plate armour
rPois   .            (helmet restricted)
rElec   .            l - +2 cloak
rCorr   .            (no gloves)
SInv    .            J - +1 pair of boots
Will    .....        (no amulet) Stlth
                     h - +6 ring of dexterity
HPRegen 0.36/turn    s - +6 ring of dexterity
MPRegen 0.11/turn

%: no passive effects
@: glowing, invisible (but backlit and visible)
A: horns 2, retaliatory headbutt
a: Renounce Religion, Divine Shield


You were in a bailey.
You worshipped the Shining One.
The Shining One was pleased with you.
You visited 2 branches of the dungeon, and saw 8 of its levels.
You also visited: Sewer and Bailey.

You collected 408 gold pieces.

Inventory:

Hand Weapons
 a - a +0 broad axe of freezing
 b - a +0 whip of freezing
 c - a +1 morningstar of holy wrath (weapon)
 t - a +2 whip of distortion
 P - the +2 war axe of Ohumn {venom, Drain Will+ MP+9 Str+6}
   (You found it on level 6 of the Dungeon)

   Str:       It affects your strength (+6).
   MP:        It affects your magic capacity (+9).
   Drain:     It drains your maximum health when unequipped.
   Will:      It increases your willpower.
Missiles
 e - 19 boomerangs
 q - 21 poisoned darts (quivered)
 E - 2 throwing nets
Armour
 d - an orb of light
 l - a +2 cloak (worn)
 m - a +1 scale mail of poison resistance
 p - a +0 buckler (worn)
 J - a +1 pair of boots (worn)
 S - a +0 plate armour (worn)
Jewellery
 h - a +6 ring of dexterity (left hand)
 o - a ring of ice
 s - a +6 ring of dexterity (right hand)
Wands
 y - a wand of polymorph (6)
 A - a wand of mindburst (26)
 G - a wand of roots (7)
Scrolls
 i - a scroll of poison
 j - 2 scrolls of amnesia
 v - a scroll of identify {@r1}
 B - 3 scrolls of enchant armour
 C - 4 scrolls of enchant weapon
 K - a scroll of teleportation
Potions
 f - 4 potions of curing {@q2}
 g - 3 potions of brilliance
 u - 2 potions of magic {unknown}
 w - 2 potions of cancellation
 x - a potion of haste {unknown}
 z - 2 potions of invisibility
 D - 6 potions of degeneration
 H - 2 potions of mutation {unknown}
 I - 2 potions of ambrosia
 L - 3 potions of heal wounds {unknown}
 N - 2 potions of berserk rage {unknown}
 O - a potion of lignification {unknown}
 R - a potion of might {unknown}
 T - 2 potions of resistance {unknown}


   Skills:
 + Level 12.1 Fighting
 - Level 12.0 Maces & Flails
 - Level 8.7 Armour
 - Level 3.2 Dodging
 - Level 8.7 Shields


You had 9 spell levels left.
You didn't know any spells.
Your spell library contained the following spells:

 Spells                   Type           Power      Damage    Failure   Level
 Sandblast                Erth           0%         2d4       100%        1
 Cigotuvi's Dreadful Rot  Necr/Pois/Air  0%         N/A       100%        2
 Passwall                 Tmut/Erth      0%         N/A       100%        2
 Frozen Ramparts          Ice            0%         1d1       100%        3
 Ignite Poison            Fire/Tmut/Pois 0%         N/A       100%        3
 Ozocubu's Armour         Ice            0%         N/A       100%        3
 Animate Armour           Summ/Erth      0%         N/A       100%        4
 Ice Form                 Ice/Tmut       0%         N/A       100%        4
 Summon Ice Beast         Ice/Summ       0%         N/A       100%        4
 Freezing Cloud           Conj/Ice/Air   0%         6-21      100%        5
 Ozocubu's Refrigeration  Ice            0%         4d7       100%        7
 Spellforged Servitor     Conj/Summ      0%         N/A       100%        7


Dungeon Overview and Level Annotations

Branches:
Dungeon (7/15)             Temple (1/1) D:4           Sewer (visited)
 Bailey (1/1)

Altars:
Ashenzari
Cheibriados
Dithmenos
Fedhas
Gozag
Hepliaklqana
Kikubaaqudgha
Makhleb
Nemelex Xobeh
Okawaru
Qazlal
Sif Muna
Trog
Uskayaw
Vehumet
Wu Jian
Xom
Yredelemnul
Zin
The Shining One


Innate Abilities, Weirdness & Mutations

You have a pair of horns on your head.
You reflexively headbutt those who attack you in melee.


Message History

You impale the orc warlord!!
You headbutt the orc warlord, but do no damage.
The orc warlord is moderately wounded.
The orc warlord hits you with a +5 broad axe!!
You impale the orc warlord!!
The orc warlord is heavily wounded.
You block the orc warlord's attack.
You sock the orc warlord!
The orc warlord is heavily wounded.
The orc warlord hits you with a +5 broad axe.
You hit the orc warlord but do no damage.
The orc warlord is heavily wounded.
The orc warlord hits you with a +5 broad axe!!
You hit the orc warlord. You headbutt the orc warlord.
The orc warlord is heavily wounded.
You block the orc warlord's attack.
You hit the orc warlord but do no damage.
You headbutt the orc warlord, but do no damage.
The orc warlord is heavily wounded.
The orc warlord barely misses you.
You completely miss the orc warlord. You headbutt the orc warlord.
The orc warlord is heavily wounded.
The orc warlord looks more healthy.
The orc warlord hits you with a +5 broad axe!
You hit the orc warlord.
The orc warlord is severely wounded.
The orc warlord hits you with a +5 broad axe!!
* * * LOW HITPOINT WARNING * * *
You hit the orc warlord but do no damage.
The orc warlord is heavily wounded.
The orc warlord hits you with a +5 broad axe!
* * * LOW HITPOINT WARNING * * *
Okay, then.
Okay, then.
It was a potion of invisibility.
You become transparent, but the glow from your halo prevents you from becoming completely invisible.
The orc warlord closely misses you.
The orc warlord attacks as you move away!
The orc warlord hits you with a +5 broad axe!!
You die...

...#~.........~#..).##....♣
..##~8.8...8.8##(...#.....♣♣
..'~~.........#.....'......♣
..'~~....∩....#.....'...∩.∩♣
..'~~.........#.....'......♣
..##~8.8...8.8##(...#.....♣♣
...#~.........~#(...##....♣
...#~~#~......~#o....##...♣
.))####~~~#~~~##@.....##≈≈♣
..))..#########........#≈≈♣
......'.....'....8..8..#≈≈♣
......#~~~~~#..........#≈≈♣
..8...#~~~~~#.........##≈≈♣
.....##~~~~~##.).8...##≈≈≈♣
....##.......##.....##~≈≈♣♣
...##.........##...##~~~**
####♣♣♣.....♣♣♣#####~~~**


You could see an orc warlord.

Vanquished Creatures
  Grinder (Sewer)
  Eustachio (D:5)
  The ghost of SecretSquirrel the Shooter, an amateur MiHu (D:4)
  2 water moccasins
  3 orc warriors (Bailey)
  3 sky beasts
  A black bear (D:7)
  An ogre (D:5)
  3 centaurs
  A phantom (D:5)
  A kobold brigand (Sewer)
  2 bullfrogs (D:6)
  3 scorpions
  4 wights (D:6)
  A howler monkey (D:5)
  2 quasits (Sewer)
  3 hounds
  An orc priest (D:4)
  2 jellies
  A gnoll bouda (D:5)
  Terence (D:2)
  3 iguanas
  3 orc wizards
  20 gnolls
  10 adders
  A shadow imp (Sewer)
  A white imp (D:6)
  4 ufetubi
  4 dart slugs
  7 orcs
  5 endoplasms
  2 giant cockroaches (Sewer)
  8 goblins
  8 hobgoblins
  5 jackals
  29 kobolds
  A quokka (D:1)
  10 ball pythons
  8 bats
  4 frilled lizards
  A kobold zombie (Sewer)
  5 rats
177 creatures vanquished.

Vanquished Creatures (others)
  2 bat zombies (Sewer)
  An endoplasm (Sewer)
3 creatures vanquished.

Grand Total: 180 creatures vanquished

Notes
Turn   | Place    | Note
-------+----------+-------------------------------------------
     0 | D:1      | Edyrem the Minotaur Monk began the quest for the Orb.
     0 | D:1      | Reached XP level 1. HP: 19/19 MP: 0/0
   347 | D:1      | Reached XP level 2. HP: 23/27 MP: 1/1
   601 | D:1      | Found a faded altar of an unknown god.
   977 | D:2      | Reached XP level 3. HP: 30/34 MP: 2/2
  1133 | D:2      | Found a hazy altar of Hepliaklqana.
  1305 | D:2      | Noticed Terence
  1316 | D:2      | Killed Terence
  1317 | D:2      | Reached XP level 4. HP: 33/41 MP: 3/3
  1371 | D:2      | Reached skill level 5 in Fighting
  1421 | D:2      | Reached skill level 5 in Maces & Flails
  1996 | D:3      | Found a glowing drain.
  2001 | Sewer    | Entered a sewer
  2106 | Sewer    | Reached XP level 5. HP: 43/48 MP: 4/4
  2126 | Sewer    | Reached XP level 6. HP: 40/57 MP: 5/5
  2132 | Sewer    | Noticed Grinder
  2133 | Sewer    | Paralysed by Grinder for 5 turns
  2172 | Sewer    | Killed Grinder
  2314 | Sewer    | Found a burning altar of Makhleb.
  2708 | D:3      | Reached XP level 7. HP: 35/66 MP: 6/6
  3292 | D:4      | Found a staircase to the Ecumenical Temple.
  3302 | Temple   | Entered the Ecumenical Temple
  3408 | Temple   | Became a worshipper of the Shining One
  3408 | Temple   | Reached * piety under the Shining One
  3408 | Temple   | Reached ** piety under the Shining One
  3588 | D:4      | Found a large runed translucent door.
  3588 | D:4      | Found a large runed translucent door.
  3593 | D:4      | Noticed SecretSquirrel's ghost (amateur MiHu)
  3974 | D:4      | Killed SecretSquirrel's ghost
  4035 | D:5      | Entered Level 5 of the Dungeon
  4060 | D:5      | Noticed Eustachio
  4069 | D:5      | Killed Eustachio
  4070 | D:5      | Reached XP level 8. HP: 77/77 MP: 7/7
  4830 | D:6      | Reached skill level 10 in Fighting
  4830 | D:6      | Reached skill level 10 in Maces & Flails
  5078 | D:6      | Reached *** piety under the Shining One
  5228 | D:6      | Identified the +2 war axe of Ohumn {venom, Drain Will+ MP+9
                  | Str+6}
  5329 | D:6      | Reached XP level 9. HP: 86/86 MP: 8/8
  5817 | D:6      | Found a blossoming altar of Fedhas.
  5842 | D:6      | Found a radiant altar of Vehumet.
  6045 | D:7      | Found a shimmering blue altar of Sif Muna.
  6221 | D:7      | Found a flagged portal.
  6235 | Bailey   | Entered a bailey
  6240 | Bailey   | Noticed an orc warlord
  6371 | Bailey   | Found a runed translucent gate.
  6394 | Bailey   | Found a runed translucent gate.
  6394 | Bailey   | Found a runed translucent gate.
  6715 | Bailey   | Got the Codex of Earthen Formation
  6729 | Bailey   | Reached XP level 10. HP: 34/97 MP: 9/9
  6950 | Bailey   | Mangled by an orc warlord

Illustrated notes

Levels and vault maps discovered:
D:1:      onia_arrival_mini_maze, layout_basic,
          nicolae_ecumenical_snake_handling, hangedman_glass_teeth
D:2:      layout_loops_ring, basic_altar, minmay_splitting_lines,
          chequers_serial_rivers_micro_c, uniq_terence
D:3:      layout_basic, portal_sewer_entry_e, minmay_between
D:4:      layout_rooms, minmay_temple_entry_slanted,
          ebering_ghost_disaster_area, minmay_misc_feat_five,
          kennysheep_generic_room_13
D:5:      layout_loops_ring, uniq_eustachio
D:6:      layout_loops_corners, mainiacjoe_overflow_swirl,
          minmay_fractal_squares_gapless_5
D:7:      layout_cave_pools, led_sif_pool, enter_bailey_7
Temple:   minmay_temple_bridge_d
Bailey:   bailey_axe_bossmonster_kennysheep, bailey

Skill      XL: |  1  2  3  4  5  6  7  8  9 |
---------------+----------------------------+-----
Fighting       | 4 5 6 7 8 10 12 | 12.1
Maces & Flails | 4 5 6 7 8 10 12 | 12.0
Armour         | 8 |  8.7
Shields        | 8 |  8.7
Dodging        | |  3.2

Action                     |  1- 3 |  4- 6 |  7- 9 | 10-12 || total
---------------------------+-------+-------+-------+-------++-------
  Melee: Mace              |    48 |     1 |       |       ||    49
         Headbutt          |     5 |    16 |    52 |     4 ||    77
         Morningstar       |       |    82 |   152 |     9 ||   243
         Whip              |       |    33 |    71 |       ||   104
  Throw: Boomerang         |     2 |       |       |       ||     2
         Dart              |       |       |    10 |     2 ||    12
 Invoke: Divine Shield     |       |       |     1 |       ||     1
  Evoke: Wand              |       |       |     2 |       ||     2
    Use: Scroll            |     1 |       |    20 |       ||    21
         Potion            |       |       |     1 |     1 ||     2
 Armour: Leather armour    |     9 |       |       |       ||     9
         Robe              |     1 |       |       |       ||     1
         Scale mail        |       |    71 |    92 |       ||   163
  Dodge: Dodged            |    40 |    93 |   103 |     2 ||   238
  Block: Buckler           |       |       |    22 |     2 ||    24
